Edmonton Oilers vs Detroit Red Wings
(R1)
Created - Friday, October 17, 2025 at 07:49
Goals
|
| Edmonton Oilers |
4 |
1 |
0 |
5 |
| Detroit Red Wings |
0 |
0 |
2 |
2 |
|
Shots
|
| Edmonton Oilers |
11 |
8 |
12 |
31 |
| Detroit Red Wings |
9 |
6 |
18 |
33 |
|
1st period
1. Edmonton Oilers , Ryan McLeod 13 (Adrian Kempe 37, Brock Boeser 38) at 1:34
2. Edmonton Oilers , Brock Boeser 22 (Ryan McLeod 28) at 7:30 (PP)
3. Edmonton Oilers , Jake DeBrusk 28 (Dawson Mercer 27, Dylan Holloway 18) at 19:13
4. Edmonton Oilers , Dawson Mercer 19 (Jacob Trouba 19, Dylan Holloway 19) at 19:25
Penalties :
Raphael Lavoie (DET) for Fighting (Major) at 4:30, Corey Perry (EDM) for Fighting (Major) at 4:30, Peyton Krebs (DET) for Tripping (Minor) at 7:27, Morgan Barron (EDM) for Cross-checking (Minor) at 10:45
2nd period
5. Edmonton Oilers , Ryan McLeod 14 (Adrian Kempe 38) at 11:03 (PP)
Penalties :
Max Pacioretty (DET) for Hooking (Minor) at 1:12, Cutter Gauthier (DET) for High sticking (Minor) at 5:00, Max Pacioretty (DET) for Fighting (Major) at 10:55, Dawson Mercer (EDM) for Fighting (Major) at 10:55, Jackson LaCombe (DET) for Holding (Minor) at 10:58, Patrick Kane (DET) for Hooking (Minor) at 11:08, Patrick Kane (DET) for Hooking (Minor) at 16:04
3rd period
6. Detroit Red Wings , Jamie Drysdale 3 (Peyton Krebs 10) at 1:57
7. Detroit Red Wings , Conor Timmins 1 (Max Pacioretty 15, Cole Sillinger 16) at 2:56 (PP)
Penalties :
David Perron (EDM) for Hooking (Minor) at 2:48, Yakov Trenin (DET) for Cross-checking (Minor) at 4:58, Scott Mayfield (EDM) for Holding (Minor) at 11:27, Cole Sillinger (DET) for Cross-checking (Minor) at 15:25, Yakov Trenin (DET) for Tripping (Minor) at 19:36
Goalie Stats
Juuse Saros (EDM), 31 saves from 33 shots - (0.939), W, 11-14-5, 60:00 minutes
Laurent Brossoit (DET), 26 saves from 31 shots - (0.839), L, 17-16-5, 60:00 minutes
Players Stats for Edmonton Oilers
Player Name G A P +/- PIM S H SB GA TA FO MP PP MP PK MP
------------------------------------------------------------------------------------
Adrian Kempe 0 2 2 1 0 2 2 1 0 1 1/4 19:52 6:05 1:49
Brandon Carlo 0 0 0 1 0 3 1 3 0 1 0/0 25:52 6:36 2:07
Brett Pesce 0 0 0 2 0 0 0 2 0 0 0/0 11:40 0:00 0:00
Brock Boeser 1 1 2 1 0 6 1 1 0 0 1/1 20:50 6:05 1:49
Corey Perry 0 0 0 0 5 1 1 0 0 0 0/0 9:01 0:10 0:07
David Perron 0 0 0 -1 2 2 2 0 0 0 2/4 16:12 6:07 0:00
David Savard 0 0 0 -1 0 0 1 1 0 0 0/0 22:28 5:49 1:59
Dawson Mercer 1 1 2 2 5 4 1 0 0 0 0/0 16:33 5:15 0:07
Derek Ryan 0 0 0 -1 0 0 0 0 0 1 0/1 10:26 0:10 0:00
Drake Caggiula 0 0 0 0 0 1 0 0 1 0 0/0 9:37 0:13 0:00
Dylan Holloway 0 2 2 2 0 0 1 0 0 0 6/17 11:55 0:00 0:00
Evan Bouchard 0 0 0 -1 0 3 0 0 1 0 0/0 22:28 5:49 1:59
Jacob Trouba 0 1 1 1 0 1 2 1 0 0 0/0 25:52 6:36 2:07
Jake DeBrusk 1 0 1 2 0 2 2 0 1 1 1/3 20:06 6:04 2:10
Morgan Barron 0 0 0 -1 2 1 0 0 0 0 4/10 12:14 1:01 0:00
Ryan McLeod 2 1 3 1 0 4 5 3 1 0 9/18 20:15 6:05 2:10
Scott Mayfield 0 0 0 2 2 1 2 2 0 0 0/0 11:41 0:00 0:00
Tanner Jeannot 0 0 0 0 0 0 3 0 0 0 1/3 8:47 0:00 0:00
Players Stats for Detroit Red Wings
Player Name G A P +/- PIM S H SB GA TA FO MP PP MP PK MP
------------------------------------------------------------------------------------
Cole Sillinger 0 1 1 -2 2 2 1 1 0 1 17/24 19:23 1:56 5:15
Conor Timmins 1 0 1 -1 0 1 2 1 0 1 0/0 18:08 1:55 6:07
Cutter Gauthier 0 0 0 -1 2 2 2 0 0 0 9/16 15:58 2:10 0:00
Fraser Minten 0 0 0 -1 0 1 0 1 0 0 0/0 15:31 1:57 0:11
Jackson LaCombe 0 0 0 0 2 3 2 1 0 0 0/0 27:17 2:11 6:19
Jamie Drysdale 1 0 1 -1 0 4 0 2 0 0 0/0 19:49 2:11 0:34
Jayden Struble 0 0 0 -1 0 0 0 0 0 0 0/0 9:25 0:00 0:00
Kevin Stenlund 0 0 0 1 0 4 2 0 0 0 9/16 15:52 0:13 5:33
Max Pacioretty 0 1 1 -2 7 4 4 0 2 0 0/0 13:30 1:56 0:00
Patrick Kane 0 0 0 -1 4 6 0 0 1 1 1/2 15:33 2:10 0:00
Peyton Krebs 0 1 1 1 2 2 0 0 0 0 0/0 12:33 0:00 1:37
Raphael Lavoie 0 0 0 1 5 3 1 0 0 0 0/1 8:38 0:00 0:00
Rasmus Kupari 0 0 0 0 0 0 0 0 0 0 0/1 12:56 0:00 5:33
Ryan Graves 0 0 0 0 0 1 2 2 0 0 0/0 22:17 0:00 5:55
Shayne Gostisbehere 0 0 0 -1 0 0 0 2 1 1 0/0 23:03 1:55 5:55
Tanner Pearson 0 0 0 -2 0 0 4 0 0 0 0/1 14:34 1:56 0:00
Vasili Podkolzin 0 0 0 0 0 0 0 0 0 0 0/0 10:21 0:00 1:28
Yakov Trenin 0 0 0 0 4 0 2 1 0 0 0/0 12:36 0:00 5:13
3 Stars
1 - Ryan McLeod (EDM)
2 - Brock Boeser (EDM)
3 - Jake DeBrusk (EDM)
Power Play
Edmonton Oilers - 2 on 9 Attempt(s) - 22.22%
Detroit Red Wings - 1 on 3 Attempt(s) - 33.33%
Penalty Kill
Edmonton Oilers - 2 on 3 Attempt(s) - 66.67%
- Score 0 goal in Penalty Kill
Detroit Red Wings - 7 on 9 Attempt(s) - 77.78%
- Score 0 goal in Penalty Kill
Team Stat
Edmonton Oilers - Hits : 24 - Faceoff Wins : 25 - Blocked Shots : 14 - Penalty Minutes : 16
Detroit Red Wings - Hits : 22 - Faceoff Wins : 36 - Blocked Shots : 11 - Penalty Minutes : 28
Official
Referees : Ghislain Hebert and Mitch Dunning
Linesman : Ryan Galloway and CJ Murray
Game Notes
Raphael Lavoie beats up Corey Perry at 4:30 of 1st period
5:11 of 1st period - Edmonton Oilers goal is going for a video replay. After video review, No Goal. The puck has entered the net after making contact with an attacking player’s stick that is above the height of the crossbar.
Max Pacioretty and Dawson Mercer fight to a draw at 10:55 of 2nd period
Finance
Level 1 -- Attendance: 5713 (95.22%) -- Ticket Income $542,735
Level 2 -- Attendance: 4633 (92.66%) -- Ticket Income $254,815
Level 3 -- Attendance: 2850 (95.00%) -- Ticket Income $85,500
Level 4 -- Attendance: 4296 (85.92%) -- Ticket Income $85,920
Luxury Box -- Attendance: 889 (88.90%) -- Ticket Income $168,910
Game was played at the Joe Louis Arena.
Total Attendance: 18381 (91.91%)
Total Ticket Income: $1,137,880
Other Income: $398,258
Total Income: $1,536,138
Edmonton Oilers
5 vs 5 Forward
Center Left Wing Right Wing Time % Phy DF OF
1 Ryan McLeod Adrian Kempe Brock Boeser 30 1 2 2
2 Dylan Holloway Jake DeBrusk Dawson Mercer 30 1 2 2
3 Morgan Barron Derek Ryan David Perron 25 1 2 2
4 Tanner Jeannot Drake Caggiula Corey Perry 15 1 2 2
5 vs 5 Defense
Defense Defense Time % Phy DF OF
1 Jacob Trouba Brandon Carlo 30 1 2 2
2 David Savard Evan Bouchard 30 1 2 2
3 Scott Mayfield Brett Pesce 25 1 2 2
4 Jacob Trouba Brandon Carlo 15 1 2 2
PowerPlay Forward
Center Left Wing Right Wing Time % Phy DF OF
1 Ryan McLeod Adrian Kempe Brock Boeser 50 1 2 2
2 David Perron Jake DeBrusk Dawson Mercer 50 1 2 2
PowerPlay Defense
Defense Defense Time % Phy DF OF
1 Jacob Trouba Brandon Carlo 50 1 2 2
2 David Savard Evan Bouchard 50 1 2 2
Penalty Kill 4 Players Forward
Center Wing Time % Phy DF OF
1 Adrian Kempe Brock Boeser 50 1 2 2
2 Jake DeBrusk Ryan McLeod 50 1 2 2
Penalty Kill 4 Players Defense
Defense Defense Time % Phy DF OF
1 Jacob Trouba Brandon Carlo 50 1 2 2
2 David Savard Evan Bouchard 50 1 2 2
Penalty Kill - 3 Players Forward
Forward Time % Phy DF OF
1 Adrian Kempe 50 1 2 2
2 Brock Boeser 50 1 2 2
Penalty Kill - 3 Players Defense
Defense Defense Time % Phy DF OF
1 Jacob Trouba Brandon Carlo 50 1 2 2
2 David Savard Evan Bouchard 50 1 2 2
4 vs 4 Forward
Center Wing Time % Phy DF OF
1 Adrian Kempe Brock Boeser 50 1 2 2
2 Jake DeBrusk Ryan McLeod 50 1 2 2
4 vs 4 Defense
Defense Defense Time % Phy DF OF
1 Brett Pesce Brandon Carlo 50 1 2 2
2 David Savard Evan Bouchard 50 1 2 2
Last Minutes Offensive
Center Left Wing Right Wing Defense Defense
Ryan McLeod Adrian Kempe Brock Boeser Jacob Trouba Brandon Carlo
Last Minutes Defensive
Center Left Wing Right Wing Defense Defense
Ryan McLeod Adrian Kempe Brock Boeser Jacob Trouba Brandon Carlo
Goaltenders
Starting : Juuse Saros
Backup : Karel Vejmelka
Extra Forwards
Normal : Morgan Barron, David Perron, Corey Perry - PP : Morgan Barron, David Perron - PK : Corey Perry
Extra Defensemen
Normal : Brandon Carlo, Brett Pesce, David Savard - PP : Brandon Carlo - PK : Brett Pesce, David Savard
Penalty Shots
Adrian Kempe, Brock Boeser, Jake DeBrusk, David Perron, Ryan McLeod
Scratches
Luke Hughes (Healthy), Troy Stecher (Healthy), Jeff Carter (Healthy), Boone Jenner (Healthy), Jonathan Quick (Healthy)
Detroit Red Wings
5 vs 5 Forward
Center Left Wing Right Wing Time % Phy DF OF
1 Cutter Gauthier Fraser Minten Patrick Kane 35 1 2 2
2 Cole Sillinger Tanner Pearson Max Pacioretty 35 1 1 3
3 Kevin Stenlund Peyton Krebs Raphael Lavoie 20 1 2 2
4 Rasmus Kupari Vasili Podkolzin Yakov Trenin 10 2 2 1
5 vs 5 Defense
Defense Defense Time % Phy DF OF
1 Ryan Graves Jackson LaCombe 40 1 2 2
2 Jamie Drysdale Shayne Gostisbehere 30 1 2 2
3 Conor Timmins Jayden Struble 20 3 1 1
4 Jamie Drysdale Jackson LaCombe 10 1 2 2
PowerPlay Forward
Center Left Wing Right Wing Time % Phy DF OF
1 Cutter Gauthier Fraser Minten Patrick Kane 50 0 1 4
2 Cole Sillinger Tanner Pearson Max Pacioretty 50 0 1 4
PowerPlay Defense
Defense Defense Time % Phy DF OF
1 Jamie Drysdale Jackson LaCombe 50 1 2 2
2 Conor Timmins Shayne Gostisbehere 50 1 2 2
Penalty Kill 4 Players Forward
Center Wing Time % Phy DF OF
1 Kevin Stenlund Rasmus Kupari 50 2 2 1
2 Cole Sillinger Yakov Trenin 50 2 2 1
Penalty Kill 4 Players Defense
Defense Defense Time % Phy DF OF
1 Ryan Graves Jackson LaCombe 50 2 2 1
2 Conor Timmins Shayne Gostisbehere 50 2 2 1
Penalty Kill - 3 Players Forward
Forward Time % Phy DF OF
1 Cutter Gauthier 50 1 2 2
2 Cole Sillinger 50 1 2 2
Penalty Kill - 3 Players Defense
Defense Defense Time % Phy DF OF
1 Ryan Graves Jackson LaCombe 50 1 2 2
2 Conor Timmins Shayne Gostisbehere 50 2 2 1
4 vs 4 Forward
Center Wing Time % Phy DF OF
1 Cutter Gauthier Patrick Kane 60 1 2 2
2 Cole Sillinger Fraser Minten 40 1 1 3
4 vs 4 Defense
Defense Defense Time % Phy DF OF
1 Ryan Graves Jackson LaCombe 60 1 2 2
2 Jamie Drysdale Shayne Gostisbehere 40 1 2 2
Last Minutes Offensive
Center Left Wing Right Wing Defense Defense
Cutter Gauthier Cole Sillinger Patrick Kane Jamie Drysdale Jackson LaCombe
Last Minutes Defensive
Center Left Wing Right Wing Defense Defense
Cutter Gauthier Cole Sillinger Patrick Kane Jamie Drysdale Jackson LaCombe
Goaltenders
Starting : Laurent Brossoit
Backup : Vitek Vanecek
Extra Forwards
Normal : Kevin Stenlund, Peyton Krebs, Tanner Pearson - PP : Kevin Stenlund, Tanner Pearson - PK : Yakov Trenin
Extra Defensemen
Normal : Shayne Gostisbehere, Jamie Drysdale, Ryan Graves - PP : Shayne Gostisbehere - PK : Shayne Gostisbehere, Jamie Drysdale
Penalty Shots
Cutter Gauthier, Patrick Kane, Cole Sillinger, Max Pacioretty, Fraser Minten
Scratches
Daniel Torgersson (Healthy), Christian Fischer (Healthy), Kasperi Kapanen (Healthy), Jett Woo (Healthy), Ville Husso (Healthy)
% Time on Ice - Edmonton Oilers
Lines # - Real PCT - Wanted PCT - Time Play
Normal Forward
1 - 28% - 30% - 12:05
2 - 29% - 30% - 12:32
3 - 23% - 25% - 10:05
4 - 20% - 15% - 8:47
Normal Defense
1 - 30% - 30% - 12:56
2 - 34% - 30% - 14:40
3 - 27% - 25% - 11:40
4 - 10% - 15% - 4:13
PP Forward
1 - 49% - 50% - 6:05
2 - 51% - 50% - 6:20
PP Defense
1 - 53% - 50% - 6:36
2 - 47% - 50% - 5:49
PK Forward
1 - 47% - 50% - 1:56
2 - 53% - 50% - 2:10
PK Defense
1 - 52% - 50% - 2:07
2 - 48% - 50% - 1:59
PK3 Forward
1 - 0% - 50%
2 - 0% - 50%
PK3 Defense
1 - 0% - 50%
2 - 0% - 50%
44 Forward
1 - 0% - 50%
2 - 0% - 50%
44 Defense
1 - 0% - 50%
2 - 0% - 50%
Last Minute Offensive - 0:00
Last Minute Defensive - 0:00
Total
Forward - 60:00
Defense - 60:00
|
% Time on Ice - Detroit Red Wings
Lines # - Real PCT - Wanted PCT - Time Play
Normal Forward
1 - 31% - 35% - 13:25
2 - 30% - 35% - 12:53
3 - 23% - 20% - 9:49
4 - 17% - 10% - 7:22
Normal Defense
1 - 38% - 40% - 16:22
2 - 33% - 30% - 14:25
3 - 20% - 20% - 8:42
4 - 9% - 10% - 4:00
PP Forward
1 - 53% - 50% - 2:10
2 - 47% - 50% - 1:56
PP Defense
1 - 53% - 50% - 2:11
2 - 47% - 50% - 1:55
PK Forward
1 - 45% - 50% - 5:33
2 - 55% - 50% - 6:52
PK Defense
1 - 48% - 50% - 5:55
2 - 52% - 50% - 6:30
PK3 Forward
1 - 0% - 50%
2 - 0% - 50%
PK3 Defense
1 - 0% - 50%
2 - 0% - 50%
44 Forward
1 - 0% - 60%
2 - 0% - 40%
44 Defense
1 - 0% - 60%
2 - 0% - 40%
Last Minute Offensive - 0:00
Last Minute Defensive - 0:00
Total
Forward - 60:00
Defense - 60:00
|
Play-by-Play
1st period
0:01 of 1st period - Ryan McLeod wins face-off versus Cutter Gauthier in neutral zone.
0:11 of 1st period - Wrist shot by Brandon Carlo.
0:11 of 1st period - Stopped by Laurent Brossoit with a rebound.
0:34 of 1st period - Wrist shot by Dylan Holloway.
0:34 of 1st period - Shot Blocked by Jackson LaCombe.
1:32 of 1st period - Snap shot by Adrian Kempe.
1:32 of 1st period - Stopped by Laurent Brossoit with a rebound.
1:34 of 1st period - Snap shot by Ryan McLeod.
1:34 of 1st period - Goal by Ryan McLeod - Edmonton Oilers : 1 - Detroit Red Wings : 0.
1:35 of 1st period - Cole Sillinger wins face-off versus Dylan Holloway in neutral zone.
1:48 of 1st period - Slapshot by Cole Sillinger.
1:48 of 1st period - Shot Misses the Net.
2:00 of 1st period - Jacob Trouba is hit by Jackson LaCombe and loses puck.
2:23 of 1st period - Peyton Krebs is hit by Adrian Kempe and loses puck.
2:51 of 1st period - Yakov Trenin is hit by Tanner Jeannot and loses puck.
3:26 of 1st period - Snap shot by Jake DeBrusk.
3:26 of 1st period - Shot Misses the Net.
3:28 of 1st period - Snap shot by Morgan Barron.
3:28 of 1st period - Deflect By David Perron.
3:28 of 1st period - Stopped by Laurent Brossoit with a rebound.
4:05 of 1st period - Icing by Ryan McLeod.
4:06 of 1st period - Kevin Stenlund wins face-off versus Tanner Jeannot in Edmonton Oilers zone.
4:07 of 1st period - Wrist shot by Peyton Krebs.
4:07 of 1st period - Shot Misses the Net.
4:09 of 1st period - Wrist shot by Kevin Stenlund.
4:09 of 1st period - Stopped by Juuse Saros with a rebound.
4:11 of 1st period - Snap shot by Raphael Lavoie.
4:11 of 1st period - Stopped by Juuse Saros without a rebound.
4:12 of 1st period - Kevin Stenlund wins face-off versus Tanner Jeannot in Edmonton Oilers zone.
4:15 of 1st period - Snap shot by Raphael Lavoie.
4:15 of 1st period - Stopped by Juuse Saros with a rebound.
4:17 of 1st period - Wrist shot by Raphael Lavoie.
4:17 of 1st period - Shot Blocked by Brandon Carlo.
4:30 of 1st period - Raphael Lavoie beats up Corey Perry.
4:30 of 1st period - Penalty to Raphael Lavoie for Fighting.
4:30 of 1st period - Penalty to Corey Perry for Fighting.
4:31 of 1st period - Dylan Holloway wins face-off versus Cole Sillinger in Edmonton Oilers zone.
4:36 of 1st period - Snap shot by Dylan Holloway.
4:36 of 1st period - Shot Misses the Net.
5:11 of 1st period - Wrist shot by Dawson Mercer.
5:11 of 1st period - Edmonton Oilers goal is going for a video replay.
5:11 of 1st period - The goal is refused. The puck has entered the net after making contact with an attacking player’s stick that is above the height of the crossbar..
5:12 of 1st period - Cutter Gauthier wins face-off versus Ryan McLeod in Detroit Red Wings zone.
5:12 of 1st period - Cutter Gauthier is hit by Ryan McLeod.
5:20 of 1st period - Wrist shot by Patrick Kane.
5:20 of 1st period - Shot Misses the Net.
6:21 of 1st period - Peyton Krebs is hit by Dylan Holloway and loses puck.
6:28 of 1st period - Snap shot by Tanner Pearson.
6:28 of 1st period - Shot Misses the Net.
6:30 of 1st period - Snap shot by Kevin Stenlund.
6:30 of 1st period - Stopped by Juuse Saros without a rebound.
6:31 of 1st period - Morgan Barron wins face-off versus Cutter Gauthier in Edmonton Oilers zone.
7:21 of 1st period - Dylan Holloway is hit by Kevin Stenlund and loses puck.
7:27 of 1st period - Minor Penalty to Peyton Krebs for Tripping.
7:28 of 1st period - Brock Boeser wins face-off versus Kevin Stenlund in Detroit Red Wings zone.
7:28 of 1st period - Wrist shot by Adrian Kempe.
7:28 of 1st period - Deflect By Brock Boeser.
7:28 of 1st period - Shot Misses the Net.
7:28 of 1st period - Puck is out of play.
7:29 of 1st period - Ryan McLeod wins face-off versus Kevin Stenlund in Detroit Red Wings zone.
7:30 of 1st period - Wrist shot by Brock Boeser.
7:30 of 1st period - Goal by Brock Boeser - Edmonton Oilers : 2 - Detroit Red Wings : 0.
7:31 of 1st period - Cutter Gauthier wins face-off versus Ryan McLeod in neutral zone.
7:58 of 1st period - Cole Sillinger is hit by David Perron.
8:02 of 1st period - Max Pacioretty is hit by David Perron.
9:19 of 1st period - Cole Sillinger is hit by David Savard and loses puck.
9:32 of 1st period - Slapshot by Adrian Kempe.
9:32 of 1st period - Shot Misses the Net.
9:34 of 1st period - Wrist shot by Brock Boeser.
9:34 of 1st period - Stopped by Laurent Brossoit with a rebound.
9:46 of 1st period - Wrist shot by Brock Boeser.
9:46 of 1st period - Shot Misses the Net.
9:48 of 1st period - Snap shot by Ryan McLeod.
9:48 of 1st period - Stopped by Laurent Brossoit without a rebound.
9:49 of 1st period - Cutter Gauthier wins face-off versus Dylan Holloway in Detroit Red Wings zone.
9:49 of 1st period - Cutter Gauthier is hit by Jake DeBrusk.
10:03 of 1st period - Snap shot by Cutter Gauthier.
10:03 of 1st period - Shot Blocked by Jacob Trouba.
10:05 of 1st period - Slapshot by Jamie Drysdale.
10:05 of 1st period - Stopped by Juuse Saros without a rebound.
10:06 of 1st period - Kevin Stenlund wins face-off versus Morgan Barron in Edmonton Oilers zone.
10:15 of 1st period - Slapshot by Kevin Stenlund.
10:15 of 1st period - Stopped by Juuse Saros with a rebound.
10:17 of 1st period - Snap shot by Kevin Stenlund.
10:17 of 1st period - Deflect By Brandon Carlo.
10:17 of 1st period - Shot Misses the Net.
10:17 of 1st period - Puck is out of play.
10:18 of 1st period - Cutter Gauthier wins face-off versus Derek Ryan in Edmonton Oilers zone.
10:23 of 1st period - Snap shot by Patrick Kane.
10:23 of 1st period - Stopped by Juuse Saros without a rebound.
10:24 of 1st period - Cutter Gauthier wins face-off versus Morgan Barron in Edmonton Oilers zone.
10:37 of 1st period - Snap shot by Cutter Gauthier.
10:37 of 1st period - Stopped by Juuse Saros with a rebound.
10:39 of 1st period - Slapshot by Cutter Gauthier.
10:39 of 1st period - Shot Blocked by Scott Mayfield.
10:45 of 1st period - Minor Penalty to Morgan Barron for Cross-checking.
10:46 of 1st period - Cutter Gauthier wins face-off versus Adrian Kempe in Edmonton Oilers zone.
12:44 of 1st period - Jacob Trouba is hit by Max Pacioretty and loses puck.
12:45 of 1st period - Penalty to Morgan Barron is over, Morgan Barron is back on ice.
13:25 of 1st period - Wrist shot by Yakov Trenin.
13:25 of 1st period - Shot Misses the Net.
13:27 of 1st period - Slapshot by Shayne Gostisbehere.
13:27 of 1st period - Shot Blocked by Brett Pesce.
13:39 of 1st period - Jackson LaCombe is hit by Jake DeBrusk.
13:55 of 1st period - Morgan Barron is hit by Yakov Trenin and loses puck.
14:36 of 1st period - Wrist shot by Dawson Mercer.
14:36 of 1st period - Shot Misses the Net.
14:38 of 1st period - Slapshot by David Savard.
14:38 of 1st period - Shot Hit the Post.
15:00 of 1st period - Slapshot by Tanner Jeannot.
15:00 of 1st period - Shot Misses the Net.
15:10 of 1st period - Scott Mayfield is hit by Cutter Gauthier and loses puck.
15:23 of 1st period - Rasmus Kupari is hit by Scott Mayfield and loses puck.
15:38 of 1st period - Dawson Mercer is hit by Max Pacioretty and loses puck.
15:45 of 1st period - Shayne Gostisbehere is hit by Dawson Mercer and loses puck.
16:13 of 1st period - David Perron is hit by Kevin Stenlund and loses puck.
16:24 of 1st period - Jackson LaCombe is hit by Scott Mayfield and loses puck.
17:08 of 1st period - Wrist shot by Rasmus Kupari.
17:08 of 1st period - Shot Misses the Net.
18:00 of 1st period - Scott Mayfield is hit by Max Pacioretty and loses puck.
18:13 of 1st period - Brandon Carlo is hit by Conor Timmins and loses puck.
18:37 of 1st period - Wrist shot by Adrian Kempe.
18:37 of 1st period - Shot Misses the Net.
19:03 of 1st period - Slapshot by Cutter Gauthier.
19:03 of 1st period - Deflect By Patrick Kane.
19:03 of 1st period - Shot Misses the Net.
19:03 of 1st period - Puck is out of play.
19:04 of 1st period - Cole Sillinger wins face-off versus Dylan Holloway in Edmonton Oilers zone.
19:11 of 1st period - Wrist shot by Jake DeBrusk.
19:11 of 1st period - Shot Blocked by Jamie Drysdale.
19:13 of 1st period - Wrist shot by Jake DeBrusk.
19:13 of 1st period - Goal by Jake DeBrusk - Edmonton Oilers : 3 - Detroit Red Wings : 0.
19:14 of 1st period - Dylan Holloway wins face-off versus Cole Sillinger in neutral zone.
19:17 of 1st period - Slapshot by Dawson Mercer.
19:17 of 1st period - Stopped by Laurent Brossoit with a rebound.
19:25 of 1st period - Snap shot by Dawson Mercer.
19:25 of 1st period - Goal by Dawson Mercer - Edmonton Oilers : 4 - Detroit Red Wings : 0.
19:26 of 1st period - Ryan McLeod wins face-off versus Cutter Gauthier in neutral zone.
19:35 of 1st period - Wrist shot by Cutter Gauthier.
19:35 of 1st period - Shot Blocked by Ryan McLeod.
19:37 of 1st period - Slapshot by Ryan Graves.
19:37 of 1st period - Shot Blocked by Brandon Carlo.
19:39 of 1st period - Slapshot by Ryan Graves.
19:39 of 1st period - Shot Blocked by Ryan McLeod.
19:41 of 1st period - Slapshot by Jackson LaCombe.
19:41 of 1st period - Stopped by Juuse Saros without a rebound.
19:42 of 1st period - Cole Sillinger wins face-off versus Dylan Holloway in Edmonton Oilers zone.
Goals for this period are 4 for Edmonton Oilers vs 0 for Detroit Red Wings.
Shots for this period are 11 for Edmonton Oilers vs 9 for Detroit Red Wings.
2nd period
0:01 of 2nd period - Ryan McLeod wins face-off versus Cutter Gauthier in neutral zone.
0:16 of 2nd period - Wrist shot by Patrick Kane.
0:16 of 2nd period - Shot Blocked by David Savard.
0:26 of 2nd period - David Savard is hit by Raphael Lavoie and loses puck.
0:51 of 2nd period - Snap shot by Adrian Kempe.
0:51 of 2nd period - Stopped by Laurent Brossoit with a rebound.
0:53 of 2nd period - Slapshot by David Savard.
0:53 of 2nd period - Shot Blocked by Jamie Drysdale.
0:55 of 2nd period - Slapshot by Evan Bouchard.
0:55 of 2nd period - Shot Misses the Net.
0:57 of 2nd period - Snap shot by Ryan McLeod.
0:57 of 2nd period - Shot Misses the Net.
0:59 of 2nd period - Snap shot by Ryan McLeod.
0:59 of 2nd period - Stopped by Laurent Brossoit with a rebound.
1:07 of 2nd period - Backhand shot by Brock Boeser.
1:07 of 2nd period - Stopped by Laurent Brossoit with a rebound.
1:09 of 2nd period - Slapshot by Evan Bouchard.
1:09 of 2nd period - Stopped by Laurent Brossoit without a rebound.
1:10 of 2nd period - Cole Sillinger wins face-off versus Dylan Holloway in Detroit Red Wings zone.
1:12 of 2nd period - Minor Penalty to Max Pacioretty for Hooking.
1:13 of 2nd period - Cole Sillinger wins face-off versus David Perron in Detroit Red Wings zone.
1:17 of 2nd period - Wrist shot by Dawson Mercer.
1:17 of 2nd period - Shot Blocked by Shayne Gostisbehere.
1:19 of 2nd period - Wrist shot by Brandon Carlo.
1:19 of 2nd period - Deflect By Yakov Trenin.
1:19 of 2nd period - Stopped by Laurent Brossoit without a rebound.
1:20 of 2nd period - Cole Sillinger wins face-off versus David Perron in Detroit Red Wings zone.
3:00 of 2nd period - Icing by Dawson Mercer.
3:01 of 2nd period - Ryan McLeod wins face-off versus Cole Sillinger in Edmonton Oilers zone.
3:12 of 2nd period - Penalty to Max Pacioretty is over, Max Pacioretty is back on ice.
4:22 of 2nd period - Derek Ryan is hit by Ryan Graves and loses puck.
4:41 of 2nd period - Snap shot by Max Pacioretty.
4:41 of 2nd period - Stopped by Juuse Saros without a rebound.
4:42 of 2nd period - Jake DeBrusk wins face-off versus Tanner Pearson in Edmonton Oilers zone.
4:51 of 2nd period - Slapshot by Cole Sillinger.
4:51 of 2nd period - Shot Misses the Net.
5:00 of 2nd period - Minor Penalty to Cutter Gauthier for High sticking.
5:01 of 2nd period - Kevin Stenlund wins face-off versus Adrian Kempe in Detroit Red Wings zone.
6:59 of 2nd period - Jacob Trouba is hit by Jackson LaCombe.
7:00 of 2nd period - Penalty to Cutter Gauthier is over, Cutter Gauthier is back on ice.
9:12 of 2nd period - Wrist shot by Kevin Stenlund.
9:12 of 2nd period - Shot Misses the Net.
9:30 of 2nd period - Drake Caggiula is hit by Tanner Pearson.
10:02 of 2nd period - Slapshot by Cole Sillinger.
10:02 of 2nd period - Stopped by Juuse Saros without a rebound.
10:03 of 2nd period - Dylan Holloway wins face-off versus Cole Sillinger in Edmonton Oilers zone.
10:09 of 2nd period - Off-side.
10:10 of 2nd period - Dylan Holloway wins face-off versus Cutter Gauthier in neutral zone.
10:23 of 2nd period - Backhand shot by Patrick Kane.
10:23 of 2nd period - Stopped by Juuse Saros with a rebound.
10:25 of 2nd period - Snap shot by Patrick Kane.
10:25 of 2nd period - Stopped by Juuse Saros with a rebound.
10:37 of 2nd period - Snap shot by Raphael Lavoie.
10:37 of 2nd period - Stopped by Juuse Saros without a rebound.
10:38 of 2nd period - Kevin Stenlund wins face-off versus Ryan McLeod in Edmonton Oilers zone.
10:43 of 2nd period - Snap shot by Kevin Stenlund.
10:43 of 2nd period - Stopped by Juuse Saros with a rebound.
10:54 of 2nd period - Wrist shot by Brock Boeser.
10:54 of 2nd period - Stopped by Laurent Brossoit without a rebound.
10:55 of 2nd period - Cole Sillinger wins face-off versus Dylan Holloway in Detroit Red Wings zone.
10:55 of 2nd period - Max Pacioretty and Dawson Mercer fight to a draw.
10:55 of 2nd period - Penalty to Max Pacioretty for Fighting.
10:55 of 2nd period - Penalty to Dawson Mercer for Fighting.
10:56 of 2nd period - Cole Sillinger wins face-off versus Dylan Holloway in Detroit Red Wings zone.
10:58 of 2nd period - Minor Penalty to Jackson LaCombe for Holding.
10:59 of 2nd period - Ryan McLeod wins face-off versus Kevin Stenlund in Detroit Red Wings zone.
10:59 of 2nd period - Backhand shot by Adrian Kempe.
10:59 of 2nd period - Shot Blocked by Ryan Graves.
11:01 of 2nd period - Snap shot by Ryan McLeod.
11:01 of 2nd period - Shot Misses the Net.
11:03 of 2nd period - Backhand shot by Ryan McLeod.
11:03 of 2nd period - Goal by Ryan McLeod - Edmonton Oilers : 5 - Detroit Red Wings : 0.
11:04 of 2nd period - Cutter Gauthier wins face-off versus Jake DeBrusk in neutral zone.
11:08 of 2nd period - Minor Penalty to Patrick Kane for Hooking.
11:09 of 2nd period - Kevin Stenlund wins face-off versus Ryan McLeod in Detroit Red Wings zone.
13:08 of 2nd period - Penalty to Patrick Kane is over, Patrick Kane is back on ice.
13:14 of 2nd period - Shayne Gostisbehere is hit by Corey Perry and loses puck.
14:12 of 2nd period - Jamie Drysdale is hit by Tanner Jeannot and loses puck.
15:38 of 2nd period - Morgan Barron is hit by Yakov Trenin and loses puck.
16:04 of 2nd period - Minor Penalty to Patrick Kane for Hooking.
16:05 of 2nd period - Kevin Stenlund wins face-off versus Ryan McLeod in Detroit Red Wings zone.
16:28 of 2nd period - Slapshot by Evan Bouchard.
16:28 of 2nd period - Stopped by Laurent Brossoit with a rebound.
18:04 of 2nd period - Penalty to Patrick Kane is over, Patrick Kane is back on ice.
19:17 of 2nd period - Brandon Carlo is hit by Max Pacioretty and loses puck.
19:34 of 2nd period - Jackson LaCombe is hit by Ryan McLeod and loses puck.
19:58 of 2nd period - Icing by Jacob Trouba.
19:59 of 2nd period - Morgan Barron wins face-off versus Raphael Lavoie in Edmonton Oilers zone.
Goals for this period are 1 for Edmonton Oilers vs 0 for Detroit Red Wings.
Shots for this period are 8 for Edmonton Oilers vs 6 for Detroit Red Wings.
3rd period
0:01 of 3rd period - Ryan McLeod wins face-off versus Cole Sillinger in neutral zone.
0:04 of 3rd period - Ryan Graves is hit by Jacob Trouba and loses puck.
0:25 of 3rd period - Cutter Gauthier is hit by Brandon Carlo and loses puck.
0:52 of 3rd period - Wrist shot by Dylan Holloway.
0:52 of 3rd period - Shot Blocked by Ryan Graves.
1:14 of 3rd period - Ryan Graves is hit by Tanner Jeannot and loses puck.
1:29 of 3rd period - Slapshot by Brock Boeser.
1:29 of 3rd period - Stopped by Laurent Brossoit with a rebound.
1:57 of 3rd period - Slapshot by Jamie Drysdale.
1:57 of 3rd period - Goal by Jamie Drysdale - Edmonton Oilers : 5 - Detroit Red Wings : 1.
1:58 of 3rd period - Cole Sillinger wins face-off versus Dylan Holloway in neutral zone.
2:08 of 3rd period - Off-side.
2:09 of 3rd period - Cole Sillinger wins face-off versus Ryan McLeod in neutral zone.
2:20 of 3rd period - Snap shot by Cole Sillinger.
2:20 of 3rd period - Deflect By Max Pacioretty.
2:20 of 3rd period - Stopped by Juuse Saros without a rebound.
2:21 of 3rd period - Cole Sillinger wins face-off versus Morgan Barron in Edmonton Oilers zone.
2:26 of 3rd period - Snap shot by Cole Sillinger.
2:26 of 3rd period - Stopped by Juuse Saros without a rebound.
2:27 of 3rd period - Morgan Barron wins face-off versus Cole Sillinger in Edmonton Oilers zone.
2:32 of 3rd period - Slapshot by Jacob Trouba.
2:32 of 3rd period - Shot Misses the Net.
2:48 of 3rd period - Minor Penalty to David Perron for Hooking.
2:49 of 3rd period - Cole Sillinger wins face-off versus Jake DeBrusk in Edmonton Oilers zone.
2:54 of 3rd period - Snap shot by Max Pacioretty.
2:54 of 3rd period - Stopped by Juuse Saros with a rebound.
2:56 of 3rd period - Slapshot by Conor Timmins.
2:56 of 3rd period - Deflect By David Savard.
2:56 of 3rd period - Goal by Conor Timmins - Edmonton Oilers : 5 - Detroit Red Wings : 2.
2:57 of 3rd period - Dylan Holloway wins face-off versus Patrick Kane in neutral zone.
3:23 of 3rd period - Ryan Graves is hit by Adrian Kempe and loses puck.
3:30 of 3rd period - Slapshot by Adrian Kempe.
3:30 of 3rd period - Shot Blocked by Cole Sillinger.
3:32 of 3rd period - Snap shot by Ryan McLeod.
3:32 of 3rd period - Shot Misses the Net.
3:34 of 3rd period - Wrist shot by Evan Bouchard.
3:34 of 3rd period - Stopped by Laurent Brossoit without a rebound.
3:35 of 3rd period - Patrick Kane wins face-off versus Morgan Barron in Detroit Red Wings zone.
3:40 of 3rd period - Snap shot by Patrick Kane.
3:40 of 3rd period - Stopped by Juuse Saros with a rebound.
4:00 of 3rd period - Ryan McLeod is hit by Tanner Pearson and loses puck.
4:23 of 3rd period - Snap shot by Drake Caggiula.
4:23 of 3rd period - Deflect By Corey Perry.
4:23 of 3rd period - Stopped by Laurent Brossoit with a rebound.
4:25 of 3rd period - Slapshot by Jacob Trouba.
4:25 of 3rd period - Shot Misses the Net.
4:27 of 3rd period - Slapshot by Scott Mayfield.
4:27 of 3rd period - Stopped by Laurent Brossoit with a rebound.
4:31 of 3rd period - Snap shot by Drake Caggiula.
4:31 of 3rd period - Stopped by Laurent Brossoit with a rebound.
4:50 of 3rd period - Slapshot by Jamie Drysdale.
4:50 of 3rd period - Shot Blocked by Scott Mayfield.
4:58 of 3rd period - Minor Penalty to Yakov Trenin for Cross-checking.
4:59 of 3rd period - Ryan McLeod wins face-off versus Rasmus Kupari in Detroit Red Wings zone.
5:06 of 3rd period - Snap shot by Brock Boeser.
5:06 of 3rd period - Shot Misses the Net.
6:50 of 3rd period - Dawson Mercer is hit by Ryan Graves and loses puck.
6:58 of 3rd period - Penalty to Yakov Trenin is over, Yakov Trenin is back on ice.
7:00 of 3rd period - Icing by Jake DeBrusk.
7:01 of 3rd period - Tanner Jeannot wins face-off versus Cutter Gauthier in Edmonton Oilers zone.
7:01 of 3rd period - Tanner Jeannot is hit by Cutter Gauthier.
7:12 of 3rd period - Snap shot by Patrick Kane.
7:12 of 3rd period - Shot Blocked by Brandon Carlo.
7:14 of 3rd period - Wrist shot by Fraser Minten.
7:14 of 3rd period - Stopped by Juuse Saros with a rebound.
7:16 of 3rd period - Slapshot by Jayden Struble.
7:16 of 3rd period - Shot Misses the Net.
7:44 of 3rd period - Slapshot by Jackson LaCombe.
7:44 of 3rd period - Stopped by Juuse Saros with a rebound.
7:46 of 3rd period - Snap shot by Max Pacioretty.
7:46 of 3rd period - Shot Blocked by Brett Pesce.
7:48 of 3rd period - Wrist shot by Cole Sillinger.
7:48 of 3rd period - Shot Misses the Net.
7:50 of 3rd period - Slapshot by Jackson LaCombe.
7:50 of 3rd period - Stopped by Juuse Saros without a rebound.
7:51 of 3rd period - Cutter Gauthier wins face-off versus Adrian Kempe in Edmonton Oilers zone.
7:58 of 3rd period - Snap shot by Patrick Kane.
7:58 of 3rd period - Shot Blocked by Adrian Kempe.
8:00 of 3rd period - Slapshot by Jamie Drysdale.
8:00 of 3rd period - Stopped by Juuse Saros without a rebound.
8:01 of 3rd period - Cutter Gauthier wins face-off versus Ryan McLeod in Edmonton Oilers zone.
8:38 of 3rd period - Snap shot by Cutter Gauthier.
8:38 of 3rd period - Shot Misses the Net.
8:40 of 3rd period - Slapshot by Shayne Gostisbehere.
8:40 of 3rd period - Shot Blocked by Ryan McLeod.
8:42 of 3rd period - Snap shot by Patrick Kane.
8:42 of 3rd period - Stopped by Juuse Saros with a rebound.
8:44 of 3rd period - Snap shot by Cutter Gauthier.
8:44 of 3rd period - Stopped by Juuse Saros with a rebound.
8:46 of 3rd period - Slapshot by Jamie Drysdale.
8:46 of 3rd period - Stopped by Juuse Saros with a rebound.
9:22 of 3rd period - Snap shot by Patrick Kane.
9:22 of 3rd period - Stopped by Juuse Saros without a rebound.
9:23 of 3rd period - Cole Sillinger wins face-off versus Dylan Holloway in Edmonton Oilers zone.
9:30 of 3rd period - Slapshot by Tanner Pearson.
9:30 of 3rd period - Deflect By Cole Sillinger.
9:30 of 3rd period - Shot Misses the Net.
9:30 of 3rd period - Puck is out of play.
9:31 of 3rd period - Cole Sillinger wins face-off versus Dylan Holloway in Edmonton Oilers zone.
9:56 of 3rd period - Snap shot by David Perron.
9:56 of 3rd period - Shot Hit the Post.
10:45 of 3rd period - Snap shot by Jake DeBrusk.
10:45 of 3rd period - Shot Blocked by Shayne Gostisbehere.
11:05 of 3rd period - Snap shot by Morgan Barron.
11:05 of 3rd period - Shot Misses the Net.
11:27 of 3rd period - Minor Penalty to Scott Mayfield for Holding.
11:28 of 3rd period - Adrian Kempe wins face-off versus Cutter Gauthier in Edmonton Oilers zone.
12:04 of 3rd period - Max Pacioretty is hit by Brock Boeser and loses puck.
12:24 of 3rd period - Jacob Trouba is hit by Tanner Pearson and loses puck.
13:27 of 3rd period - Penalty to Scott Mayfield is over, Scott Mayfield is back on ice.
13:36 of 3rd period - Slapshot by David Perron.
13:36 of 3rd period - Stopped by Laurent Brossoit with a rebound.
13:38 of 3rd period - Slapshot by Scott Mayfield.
13:38 of 3rd period - Deflect By Morgan Barron.
13:38 of 3rd period - Shot Blocked by Yakov Trenin.
13:38 of 3rd period - Puck is out of play.
13:39 of 3rd period - Morgan Barron wins face-off versus Kevin Stenlund in Detroit Red Wings zone.
13:44 of 3rd period - Backhand shot by Morgan Barron.
13:44 of 3rd period - Shot Misses the Net.
13:46 of 3rd period - Snap shot by Morgan Barron.
13:46 of 3rd period - Stopped by Laurent Brossoit without a rebound.
13:47 of 3rd period - Kevin Stenlund wins face-off versus Morgan Barron in Detroit Red Wings zone.
13:52 of 3rd period - Snap shot by Raphael Lavoie.
13:52 of 3rd period - Shot Misses the Net.
14:38 of 3rd period - David Savard is hit by Conor Timmins and loses puck.
14:56 of 3rd period - Snap shot by Jake DeBrusk.
14:56 of 3rd period - Shot Misses the Net.
14:58 of 3rd period - Slapshot by David Savard.
14:58 of 3rd period - Shot Misses the Net.
15:00 of 3rd period - Wrist shot by Dawson Mercer.
15:00 of 3rd period - Stopped by Laurent Brossoit with a rebound.
15:02 of 3rd period - Wrist shot by David Savard.
15:02 of 3rd period - Shot Misses the Net.
15:04 of 3rd period - Wrist shot by Jake DeBrusk.
15:04 of 3rd period - Shot Misses the Net.
15:22 of 3rd period - Wrist shot by Dylan Holloway.
15:22 of 3rd period - Deflect By Jake DeBrusk.
15:22 of 3rd period - Shot Misses the Net.
15:22 of 3rd period - Puck is out of play.
15:23 of 3rd period - Cole Sillinger wins face-off versus Ryan McLeod in Detroit Red Wings zone.
15:25 of 3rd period - Minor Penalty to Cole Sillinger for Cross-checking.
15:26 of 3rd period - Kevin Stenlund wins face-off versus Ryan McLeod in Detroit Red Wings zone.
15:34 of 3rd period - Jackson LaCombe is hit by Ryan McLeod and loses puck.
15:41 of 3rd period - Snap shot by Brock Boeser.
15:41 of 3rd period - Deflect By Jackson LaCombe.
15:41 of 3rd period - Stopped by Laurent Brossoit without a rebound.
15:42 of 3rd period - Ryan McLeod wins face-off versus Kevin Stenlund in Detroit Red Wings zone.
16:07 of 3rd period - Peyton Krebs is hit by Jacob Trouba and loses puck.
16:52 of 3rd period - Jackson LaCombe is hit by Ryan McLeod and loses puck.
17:25 of 3rd period - Penalty to Cole Sillinger is over, Cole Sillinger is back on ice.
17:39 of 3rd period - Jacob Trouba is hit by Tanner Pearson and loses puck.
18:15 of 3rd period - Off-side.
18:16 of 3rd period - Cole Sillinger wins face-off versus Morgan Barron in neutral zone.
18:25 of 3rd period - Wrist shot by Cole Sillinger.
18:25 of 3rd period - Deflect By Tanner Pearson.
18:25 of 3rd period - Shot Blocked by Brock Boeser.
18:25 of 3rd period - Puck is out of play.
18:26 of 3rd period - Cole Sillinger wins face-off versus Dylan Holloway in Edmonton Oilers zone.
18:27 of 3rd period - Wrist shot by Max Pacioretty.
18:27 of 3rd period - Stopped by Juuse Saros without a rebound.
18:28 of 3rd period - Dylan Holloway wins face-off versus Cole Sillinger in Edmonton Oilers zone.
18:39 of 3rd period - Brandon Carlo is hit by Cole Sillinger and loses puck.
18:54 of 3rd period - Cutter Gauthier is hit by Ryan McLeod and loses puck.
19:05 of 3rd period - Slapshot by Brock Boeser.
19:05 of 3rd period - Shot Blocked by Fraser Minten.
19:17 of 3rd period - Wrist shot by Patrick Kane.
19:17 of 3rd period - Deflect By Peyton Krebs.
19:17 of 3rd period - Stopped by Juuse Saros with a rebound.
19:19 of 3rd period - Snap shot by Ryan Graves.
19:19 of 3rd period - Deflect By Morgan Barron.
19:19 of 3rd period - Stopped by Juuse Saros with a rebound.
19:21 of 3rd period - Slapshot by Ryan Graves.
19:21 of 3rd period - Shot Misses the Net.
19:23 of 3rd period - Snap shot by Raphael Lavoie.
19:23 of 3rd period - Shot Misses the Net.
19:27 of 3rd period - Slapshot by Peyton Krebs.
19:27 of 3rd period - Stopped by Juuse Saros with a rebound.
19:36 of 3rd period - Minor Penalty to Yakov Trenin for Tripping.
19:37 of 3rd period - David Perron wins face-off versus Kevin Stenlund in Detroit Red Wings zone.
19:37 of 3rd period - Snap shot by Jake DeBrusk.
19:37 of 3rd period - Stopped by Laurent Brossoit with a rebound.
19:39 of 3rd period - Slapshot by Brandon Carlo.
19:39 of 3rd period - Stopped by Laurent Brossoit without a rebound.
19:40 of 3rd period - David Perron wins face-off versus Kevin Stenlund in Detroit Red Wings zone.
19:49 of 3rd period - Slapshot by David Perron.
19:49 of 3rd period - Shot Blocked by Conor Timmins.
19:51 of 3rd period - Slapshot by Jacob Trouba.
19:51 of 3rd period - Stopped by Laurent Brossoit with a rebound.
Goals for this period are 0 for Edmonton Oilers vs 2 for Detroit Red Wings.
Shots for this period are 12 for Edmonton Oilers vs 18 for Detroit Red Wings.
Back to the Top